 Dungeon Crawl Stone Soup version 0.24-a0-487-g57318f2ed0 (webtiles) character file.

Game seed: 657420544435196078

497 LemonEater the Digger (level 7, -3/36 HPs)
             Began as a Gargoyle Earth Elementalist on July 11, 2019.
             Slain by a hippogriff (4 damage)
             ... on level 4 of the Dungeon.
             The game lasted 00:06:14 (3368 turns).

LemonEater the Digger (Gargoyle Earth Elementalist) Turns: 3368, Time: 00:06:15

Health: -3/36      AC:  7    Str: 11    XL:     7   Next: 15%
Magic:  8/13       EV: 12    Int: 18    God:
Gold:   149        SH:  0    Dex: 10    Spells: 10/14 levels left

rFire    . . .     SeeInvis .   e - +1 dagger
rCold    . . .     Gourm    .   (no shield)
rNeg     + . .     Faith    .   c - +0 robe
rPois    ∞         Spirit   .   i - +0 helmet
rElec    +         Reflect  .   (no cloak)
rCorr    .         Harm     .   (no gloves)
MR       .....                  (no boots)
Stlth    ++........             (no amulet)
HPRegen  0.12/turn              l - +6 ring of slaying
MPRegen  0.13/turn              o - ring of wizardry

@: no status effects
A: negative energy resistance 1, electricity resistance, unbreathing,
petrification resistance, rot immunity, AC +4
a: no special abilities


You were on level 4 of the Dungeon.
You were not hungry.

You visited 1 branch of the dungeon, and saw 4 of its levels.

You collected 149 gold pieces.

Inventory:

Hand Weapons
 e - a +1 dagger (weapon)
Missiles
 b - 134 stones (quivered)
Armour
 c - a +0 robe (worn)
 i - a +0 helmet (worn)
Jewellery
 l - a +6 ring of slaying (left hand)
 o - a ring of wizardry (right hand)
Scrolls
 f - 2 scrolls of teleportation
 g - a scroll of fog
 n - a scroll of remove curse
Potions
 a - a potion of heal wounds
 h - 2 potions of curing
 j - a potion of haste
 m - a potion of might {unknown}
Comestibles
 d - 5 rations
 k - 2 chunks of flesh


   Skills:
 - Level 1.5 Dodging
 - Level 2.1 Stealth
 + Level 4.4 Spellcasting
 + Level 4.0 Conjurations
   Level 0.7 Transmutations
 + Level 6.3 Earth Magic


You had 10 spell levels left.
You knew the following spells:

 Your Spells              Type           Power        Failure   Level  Hunger
a - Sandblast             Erth           ####..       1%          1    None
b - Stone Arrow           Conj/Erth      ###...       1%          3    ###....

Your spell library contained the following spells:

 Spells                   Type           Power        Failure   Level  Hunger
 Passwall                 Tmut/Erth      ###.....     1%          2    ##.....
 Lee's Rapid Deconstruct  Erth           ####......   12%         5    ######.
 Petrify                  Tmut/Erth      ###.....     13%         4    ####...


Dungeon Overview and Level Annotations

Branches:
Dungeon (4/15)
 Temple: D:4-7

Altars:
Cheibriados
Dithmenos
Elyvilon
Fedhas
Nemelex Xobeh
Qazlal


Innate Abilities, Weirdness & Mutations

You are resistant to torment.
Your stone body is resilient. (AC +4)
You are immune to poison.
You resist negative energy. (rN+)
You are resistant to electric shocks. (rElec)
You can survive without breathing.
You are immune to petrification.
You are immune to rotting.


Message History

The blast of sand hits the hippogriff!
The hippogriff is almost dead.
b - 135 stones The hippogriff bites you.
* * * LOW HITPOINT WARNING * * *
The hippogriff pecks you but does no damage.
The hippogriff claws you.
* * * LOW HITPOINT WARNING * * *
Casting: Sandblast (safe; 1% risk of failure)
Confirm with . or Enter, or press ? or * to list all spells.
Aiming: Sandblast (safe; 1% risk of failure)
Press: ? - help, Shift-Dir - straight line, f/p - hippogriff
Aim: a hippogriff (severely wounded)
The blast of sand hits the hippogriff!
The hippogriff is almost dead.
b - 134 stones The hippogriff bites you.
* * * LOW HITPOINT WARNING * * *
The hippogriff pecks you.
You die...

... ..# #.# #.# #.# #
##########.# #
#.......##.#####.##.#
#.#####.#...........#
#.## #.#
#.#..##@...### #..#..
#.# #....#H....#
#.#.# #.#
#.#.##.....# #.#.#
#.#####.#.....?....
#.#.##
#.......####.....###
####....# ####.####
#>....#.. ..##.....
#.# ###.###.#
#.###...# #.# #.# #.#
#...##.## #.# #.#
#.###.#.##.#


You could see a hippogriff.

Vanquished Creatures
  Sigmund (D:3)
  2 scorpions (D:4)
  An iguana (D:4)
  3 orc wizards (D:4)
  6 adders
  An ooze (D:3)
  3 worms
  A dart slug (D:2)
  A leopard gecko (D:2)
  7 orcs
  A ball python (D:3)
  3 giant cockroaches
  4 goblins
  7 hobgoblins
  8 jackals
  A quokka (D:2)
  3 bats
  4 frilled lizards
  A giant cockroach zombie (D:2)
  2 kobolds
  5 rats
65 creatures vanquished.

Notes
Turn   | Place    | Note
-------+----------+-------------------------------------------
     0 | D:1      | LemonEater the Gargoyle Earth Elementalist began the quest
                  | for the Orb.
     0 | D:1      | Reached XP level 1. HP: 10/10 MP: 3/3
   395 | D:1      | Reached skill level 4 in Earth Magic
   395 | D:1      | Reached XP level 2. HP: 5/15 MP: 0/5
  1195 | D:2      | Reached XP level 3. HP: 19/19 MP: 1/6
  1200 | D:2      | Learned a level 3 spell: Stone Arrow
  1372 | D:2      | Found a shadowy altar of Dithmenos.
  1503 | D:2      | Found a blossoming altar of Fedhas.
  1584 | D:2      | Reached skill level 1 in Conjurations
  1679 | D:2      | Found a white marble altar of Elyvilon.
  1679 | D:2      | Found a sparkling altar of Nemelex Xobeh.
  1687 | D:2      | Found a stormy altar of Qazlal.
  1693 | D:2      | Found a snail-covered altar of Cheibriados.
  1694 | D:2      | Found a blossoming altar of Fedhas.
  1771 | D:2      | Reached XP level 4. HP: 18/24 MP: 8/8
  1877 | D:2      | You fall into a shaft and drop 1 floor!
  2956 | D:3      | Noticed Sigmund
  2970 | D:3      | Killed Sigmund
  2970 | D:3      | Reached skill level 5 in Earth Magic
  2970 | D:3      | Reached XP level 5. HP: 20/28 MP: 1/10
  2970 | D:3      | Reached XP level 6. HP: 22/32 MP: 1/11
  3239 | D:4      | Reached skill level 6 in Earth Magic
  3269 | D:4      | Reached XP level 7. HP: 26/36 MP: 4/13
  3361 | D:4      | Noticed a hippogriff
  3368 | D:4      | HP: 1/36 [hippogriff (2)]
  3368 | D:4      | Slain by a hippogriff

Levels and vault maps discovered:
D:1:      sevenhm_arrival_forest_fort_small_6, layout_basic,
          hangedman_decor_growths
D:2:      layout_loops_corners, grunt_dithmenos_smoke,
          chequers_temple_overflow_minitemple, fedhas_altar_1
D:3:      layout_loops_cross, uniq_sigmund
D:4:      layout_loops_ring, vehumet_statue, lemuel_doored_altar,
          cheibrodos_sewer_entry_bend, first_ration, kennysheep_small_spiral

Skill      XL: |  1  2  3  4  5  6  7 |
---------------+----------------------+-----
Earth Magic    | 4 5 6 |  6.3
Conjurations   | 1 3 4 |  4.0
Spellcasting   | 3 4 |  4.4
Dodging        | |  1.5
Stealth        | |  2.1
Transmutations | |  0.7

Action                   |  1- 3 |  4- 6 |  7- 9 || total
-------------------------+-------+-------+-------++-------
Melee: Dagger            |    65 |    81 |     7 ||   153
       Unarmed           |     4 |       |       ||     4
 Cast: Sandblast         |    24 |    16 |     9 ||    49
       Stone Arrow       |     1 |     2 |       ||     3
  Use: Potion            |     1 |       |       ||     1
       Scroll            |     4 |     5 |       ||     9
 Stab: Sleeping          |     3 |     5 |     1 ||     9
  Eat: Chunk             |     3 |     5 |       ||     8
Armor: Robe              |    14 |    19 |     5 ||    38
Dodge: Dodged            |    49 |    40 |     9 ||    98

Table legend:
 A = Non-vault XP
 B = Vault XP
 C = Vault XP percentage of total XP
 D = Non-vault monster count
 E = Vault monster count
 F = Vault count percentage of total count
                 A         B        C        D         E       F
            +---------+---------+-------+---------+---------+-------
      Total |     479 |     231 |  32.5 |      64 |       1 |   1.5
            +---------+---------+-------+---------+---------+-------
        D:1 |      22 |       0 |   0.0 |      14 |       0 |   0.0
        D:2 |      65 |       0 |   0.0 |      18 |       0 |   0.0
        D:3 |      64 |     231 |  78.3 |      18 |       1 |   5.3
        D:4 |     328 |       0 |   0.0 |      14 |       0 |   0.0
            +---------+---------+-------+---------+---------+-------
